 Dungeon Crawl Stone Soup version 0.23-a0-290-g290e36d (webtiles) character file.

3441 Gildeon the Basher (level 9, -2/68 HPs)
             Began as a Demonspawn Abyssal Knight on Oct 3, 2018.
             Was a Priest of Lugonu.
             Killed by the raging water
             ... invoked by a water nymph
              (16 damage)
             ... on level 8 of the Dungeon.
             The game lasted 00:28:15 (5308 turns).

Gildeon the Basher (Demonspawn Abyssal Knight)      Turns: 5308, Time: 00:28:17

Health: -2/68      AC: 12    Str: 15    XL:     9   Next: 77%
Magic:  0/12       EV: 10    Int: 14    God:    Lugonu [***...]
Gold:   369        SH:  0    Dex: 13    Spells: 8/8 levels left

rFire    . . .     SeeInvis .   a - +0 flail
rCold    . . .     Gourm    +   (no shield)
rNeg     + + .     Faith    .   f - +0 chain mail of Divine Compulsion {rPois Slay+3} (curse)
rPois    +         Spirit   +   (no helmet)
rElec    .         Reflect  .   m - +0 cloak
rCorr    .         Harm     .   l - +0 pair of gloves
MR       .....                  (no boots)
Stlth    ..........             q - amulet of the gourmand
HPRegen  0.21/turn              d - ring of positive energy
MPRegen  0.13/turn              o - ring of positive energy

@: about to teleport, very slow
A: talons 1, repulsion field 1, spiny 1, magic shield
a: Depart the Abyss, Bend Space, Banish, Renounce Religion


You were on level 8 of the Dungeon.
You worshipped Lugonu.
Lugonu was most pleased with you.
You were very full.

You visited 2 branches of the dungeon, and saw 9 of its levels.
You visited the Abyss 1 time.

You collected 369 gold pieces.

Inventory:

Hand Weapons
 a - a +0 flail (weapon)
Armour
 f - the cursed +0 chain mail of Divine Compulsion (worn) {rPois Slay+3}
   (You found it on level 8 of the Dungeon)

   It affects your accuracy and damage with ranged weapons and melee attacks
   (+3).
   It protects you from poison.
   It has a curse placed upon it.
 l - a +0 pair of gloves (worn)
 m - a +0 cloak (worn)
Jewellery
 d - a ring of positive energy (left hand)
 i - an uncursed ring of wizardry
 k - an uncursed ring of poison resistance
 o - a ring of positive energy (right hand)
 q - an amulet of the gourmand (around neck)
Wands
 j - a wand of enslavement (21)
 p - a wand of polymorph (13)
Scrolls
 b - 2 scrolls of fog {unknown}
 h - 5 scrolls of remove curse
 n - a scroll of enchant weapon
 s - 2 scrolls of magic mapping
Potions
 e - a potion of curing
 r - a potion of ambrosia {unknown}
 t - 2 potions of flight {unknown}
 v - 2 potions of haste {unknown}
Comestibles
 c - 8 rations
 u - 6 chunks of flesh


   Skills:
 + Level 5.4 Fighting
 * Level 8.2 Maces & Flails
 - Level 5.2 Armour
 - Level 5.0 Dodging
 - Level 5.0 Invocations
 + Level 4.9 Evocations


You had 8 spell levels left.
You didn't know any spells.
Your spell library was empty.

Dungeon Overview and Level Annotations

Branches:
Dungeon (8/15)             Temple (1/1) D:7
   Lair: D:8-11

Altars:
Ashenzari
Cheibriados
Dithmenos
Elyvilon
Fedhas
Gozag
Hepliaklqana
Kikubaaqudgha
Makhleb
Nemelex Xobeh
Okawaru
Qazlal
Ru
Sif Muna
Trog
Uskayaw
Vehumet
Wu Jian
Xom
Yredelemnul
Zin
The Shining One


Innate Abilities, Weirdness & Mutations

You have sharp toenails.
You are surrounded by a mild repulsion field. (EV +2)
You are partially covered in sharp spines.
When hurt, damage is shared between your health and your magic reserves.


Message History

You fall into the shallow water.
Moving in this stuff is going to be slow.
Your chain mail of Divine Compulsion prevents you from hitting the water nymph.
The water nymph is moderately wounded.
The howler monkey hoots and howls with incredible vigour!
The water nymph is struck by your spines.
The water nymph touches you.
* * * LOW HITPOINT WARNING * * *
The water nymph drowns you!
* * * LOW HITPOINT WARNING * * *
You hear a bark!
You feel better. The water nymph touches you. The water nymph drowns you!
* * * LOW HITPOINT WARNING * * *
An orc comes into view. It is wielding a dagger.
An orc wizard comes into view. It is wielding a dagger.
As you read the scroll of teleportation, it crumbles to dust.
You feel strangely unstable.
The water nymph gestures at you while chanting.
The water swirls and strikes you!
You die...

*,,,,*,,>,,,..................
*,,,,*,*,**#.,,,###()..#######
*,,,,*,*,* #.,,,* #.)### ####
*,,,,+,*,* #.,,,* #..# #...
*,,>,***,* #.,,,* #..######.##
*,,,,* *,###.,,,* #...).......
*,,,,* *,*...,,,* #...########
*,,,,*##.#.#≈######...#,,,,,**
*,,,,,.....≈m@).......#****,*,
****,,....h≈#######.#.#,,,,,+,
#......o....,,,#.#.#,*****,
#..........,,,,#.#.#,,,,,**
#...≈.....##***#.#.#**+****
#?..o......,,,,#.#.#*,,,,**
#.........#***,#.#.#,*****,
#.........# *,#.#,**,,,,*,
#.........# *,*,,,*,*****,


You could see a water nymph, a howler monkey, an orc wizard and an orc.

Vanquished Creatures
  A two-headed ogre (D:8)
  Grum (D:8)
  A water moccasin (D:6)
  2 sky beasts
  An ice beast (D:5)
  6 ogres
  2 wolves
  3 centaurs
  3 bullfrogs
  2 scorpions
  3 howler monkeys
  4 crimson imps
  2 orc priests
  A centaur skeleton (D:8)
  6 hounds
  4 orc wizards
  2 iguanas
  6 worker ants
  2 hound zombies
  10 adders
  7 gnolls (D:8)
  A shadow imp (D:5)
  An adder zombie (D:5)
  2 worms
  A dart slug (D:1)
  5 leopard geckos
  17 orcs
  4 bats
  5 giant cockroaches
  5 goblins
  2 hobgoblins
  6 jackals
  2 quokkas
  3 frilled lizards
  6 kobolds
  A leopard gecko zombie (D:6)
  A quokka zombie (D:5)
  2 rats (D:3)
133 creatures vanquished.

Notes
Turn   | Place    | Note
-------+----------+-------------------------------------------
     0 | Abyss:1  | Gildeon the Demonspawn Abyssal Knight began the quest for
                  | the Orb.
     0 | Abyss:1  | Reached XP level 1. HP: 18/18 MP: 2/2
     6 | Abyss:2  | Found a corrupted altar of Lugonu.
     7 | D:1      | Escaped the Abyss
   168 | D:1      | Reached skill level 1 in Dodging
   183 | D:1      | Reached skill level 2 in Maces & Flails
   231 | D:1      | Gained mutation: When hurt, damage is shared between your
                  | health and your magic reserves. [demonic ancestry]
   231 | D:1      | Reached XP level 2. HP: 24/24 MP: 3/3
   690 | D:2      | Noticed a howler monkey
   698 | D:2      | Killed a howler monkey
   698 | D:2      | Gained mutation: You are partially covered in sharp spines.
                  | [demonic ancestry]
   698 | D:2      | Reached XP level 3. HP: 22/29 MP: 5/5
   802 | D:2      | Reached * piety under Lugonu
   802 | D:2      | Reached XP level 4. HP: 35/35 MP: 6/6
   803 | D:2      | Found a shadowy altar of Dithmenos.
  1211 | D:2      | Found a snail-covered altar of Cheibriados.
  1249 | D:2      | Found a sparkling altar of Nemelex Xobeh.
  1252 | D:2      | Found a glowing golden altar of the Shining One.
  1255 | D:2      | Found a stormy altar of Qazlal.
  1494 | D:3      | Reached skill level 3 in Maces & Flails
  1813 | D:3      | Found a deep blue altar of Sif Muna.
  1856 | D:3      | Found an opulent altar of Gozag.
  1872 | D:3      | Noticed a dagger
  1873 | D:3      | Noticed a dagger
  1876 | D:3      | Found a hide-covered altar of Uskayaw.
  1935 | D:4      | Found a bloodstained altar of Trog.
  1946 | D:4      | Reached XP level 5. HP: 31/41 MP: 7/7
  2143 | D:4      | Gained mutation: You have sharp toenails. [demonic
                  | ancestry]
  2143 | D:4      | Reached XP level 6. HP: 41/48 MP: 8/8
  2483 | D:5      | Entered Level 5 of the Dungeon
  2526 | D:5      | Noticed an ice beast
  2546 | D:5      | Killed an ice beast
  2546 | D:5      | Reached skill level 4 in Maces & Flails
  2549 | D:5      | Reached ** piety under Lugonu
  2597 | D:5      | Reached XP level 7. HP: 30/54 MP: 8/10
  3036 | D:5      | Reached skill level 5 in Invocations
  3545 | D:6      | Reached skill level 5 in Maces & Flails
  3545 | D:6      | Reached skill level 1 in Evocations
  3570 | D:6      | Reached XP level 8. HP: 32/61 MP: 8/11
  3757 | D:6      | Reached skill level 5 in Fighting
  4270 | D:7      | Reached skill level 6 in Maces & Flails
  4293 | D:7      | Reached *** piety under Lugonu
  4645 | D:7      | Found a staircase to the Ecumenical Temple.
  4654 | Temple   | Entered the Ecumenical Temple
  4736 | D:7      | Found a hazy altar of Hepliaklqana.
  4870 | D:8      | Noticed Grum
  4872 | D:8      | Noticed a two-headed ogre
  4880 | D:7      | Gained mutation: You are surrounded by a mild repulsion
                  | field. (EV +2) [demonic ancestry]
  4880 | D:7      | Reached XP level 9. HP: 49/68 MP: 9/12
  5043 | D:8      | Noticed a two-headed ogre
  5054 | D:8      | Killed a two-headed ogre
  5054 | D:8      | Reached skill level 7 in Maces & Flails
  5054 | D:8      | Reached skill level 5 in Armour
  5057 | D:8      | Reached skill level 5 in Dodging
  5143 | D:8      | Got an ichor-stained chain mail
  5154 | D:8      | Identified the cursed +0 chain mail of Divine Compulsion
                  | {rPois Slay+3} (You found it on level 8 of the Dungeon)
  5271 | D:8      | Reached skill level 8 in Maces & Flails
  5290 | D:8      | Killed Grum
  5303 | D:8      | Noticed a water nymph
  5303 | D:8      | a two-headed ogre changed into a water nymph
  5308 | D:8      | Killed from afar by a water nymph

Vault maps used:
D:1:      lemuel_arrival_muddy, hangedman_decor_diamond_cutter
D:2:      grunt_temple_overflow_diamond, old_standard_altar, lemuel_round_altar
D:3:      nicolae_overflow_crystal_walls,
          nicolae_gozag_cash_rules_everything_around_me, dancing_weapons_uskayaw
D:4:      lemuel_crystal_altar
D:5:      first_ration, kennysheep_potato
D:7:      kennysheep_mini_moat
D:8:      minmay_the_grid_square_5x5_3x3, uniq_grum
Temple:   nicolae_temple_x_marks_the_god

Skill      XL: |  1  2  3  4  5  6  7  8  9 |
---------------+----------------------------+-----
Dodging        | 1 2 3 4 5 |  5.0
Maces & Flails | 2 3 4 5 6 8 |  8.2
Armour         | 2 3 4 5 |  5.2
Invocations    | 3 4 5 |  5.0
Fighting       | 4 5 |  5.4
Evocations     | 1 3 4 |  4.9

Action                   |  1- 3 |  4- 6 |  7- 9 || total
-------------------------+-------+-------+-------++-------
Melee: Mace              |    55 |    85 |    18 ||   158
       Flail             |       |    27 |   213 ||   240
       Kick              |       |     7 |    53 ||    60
Invok: Depart the Abyss  |     1 |       |       ||     1
Evoke: Wand              |       |       |     1 ||     1
  Use: Scroll            |     4 |     6 |     5 ||    15
       Potion            |       |     1 |     3 ||     4
  Eat: Chunk             |       |     5 |    27 ||    32
Armor: Ring mail         |    30 |     5 |       ||    35
       Chain mail        |       |    59 |   113 ||   172
Dodge: Dodged            |    39 |    47 |    97 ||   183

Table legend:
 A = Non-vault XP
 B = Vault XP
 C = Vault XP percentage of total XP
 D = Non-vault monster count
 E = Vault monster count
 F = Vault count percentage of total count
                 A         B        C        D         E       F
            +---------+---------+-------+---------+---------+-------
      Total |    4491 |     425 |   8.6 |     130 |       3 |   2.3
            +---------+---------+-------+---------+---------+-------
        D:1 |      29 |       0 |   0.0 |      16 |       0 |   0.0
        D:2 |     107 |       0 |   0.0 |       9 |       0 |   0.0
        D:3 |      56 |       0 |   0.0 |      16 |       0 |   0.0
        D:4 |     304 |       0 |   0.0 |      11 |       0 |   0.0
        D:5 |     667 |       0 |   0.0 |      29 |       0 |   0.0
        D:6 |     760 |       0 |   0.0 |      10 |       0 |   0.0
        D:7 |     756 |     121 |  13.8 |      18 |       1 |   5.3
        D:8 |    1812 |     304 |  14.4 |      21 |       2 |   8.7
            +---------+---------+-------+---------+---------+-------
